 Dungeon Crawl Stone Soup version 0.20.1-1-g8b1a95d (webtiles) character file.

42 empire the Ducker (level 3, 0/28 HPs)
             Began as a Spriggan Abyssal Knight on Aug 22, 2017.
             Was a Believer of Lugonu.
             Succumbed to an adder's poison
             ... on level 2 of the Dungeon.
             The game lasted 00:04:16 (1890 turns).

empire the Ducker (Spriggan Abyssal Knight)         Turns: 1890, Time: 00:04:17

Health: 0/28       AC: 21    Str:  8    XL:     3   Next: 33%
Magic:  5/5        EV:  4    Int: 13    God:    Lugonu [**....]
Gold:   75         SH:  0    Dex: 16    Spells: 2/2 levels left

rFire    . . .     SeeInvis +   a - +1 short sword
rCold    . . .     Gourm    .   (shield restricted)
rNeg     + + +     Faith    .   (armour currently unavailable)
rPois    +         Spirit   .   (helmet currently unavailable)
rElec    .         Reflect  .   (cloak currently unavailable)
rCorr    .         Harm     .   (gloves unavailable)
MR       +....     NoTele   +   (boots unavailable)
Stlth    ++........             (no amulet)
Regen    0.1/turn               (no ring)
MPRegen  0.1/turn               (no ring)

@: lethally poisoned (0 -> -4), tree-form
A: unfitting armour, see invisible, herbivore 3, magic resistance 1, slow
metabolism 2, MP-powered wands
a: Depart the Abyss, Bend Space, Renounce Religion


You were on level 2 of the Dungeon.
You worshipped Lugonu.
Lugonu was pleased with you.
You were not hungry.
You were a tree.
You visited 1 branch of the dungeon, and saw 2 of its levels.
You visited the Abyss 1 time.

You collected 75 gold pieces.

Inventory:

Hand Weapons
 a - a +1 short sword (weapon)
Missiles
 f - 2 needles of sleeping
 o - 13 arrows
Armour
 b - a +0 robe (melded)
Wands
 d - a wand of polymorph (16/24)
Scrolls
 e - 4 scrolls of identify {unknown}
 k - a scroll of enchant weapon {unknown}
 l - a scroll of noise {unknown}
Potions
 g - a potion of magic {unknown}
 h - a potion of mutation
 i - a potion of invisibility {unknown}
 j - a potion of lignification
 m - 2 potions of flight
 p - a potion of haste {unknown}
Comestibles
 c - 4 bread rations
 n - 2 fruits
 q - a royal jelly


   Skills:
 - Level 2.4 Fighting
 + Level 2.5 Short Blades
 + Level 4.2 Dodging
 * Level 3.4 Stealth
 + Level 1.9 Invocations


You had 2 spell levels left.
You didn't know any spells.

Dungeon Overview and Level Annotations

Branches:
Dungeon (2/15)

Altars:


Innate Abilities, Weirdness & Mutations

You are very small and have problems with some larger weapons.
You are too small for most types of armour.
You have supernaturally acute eyesight. (SInv)
You are a herbivore.
((You cover ground extremely quickly.))
You need consume almost no food.
((You have a pair of small horns on your head.))
You are resistant to hostile enchantments. (MR+)
You expend magic power (3 MP) to strengthen your wands.


Message History

The adder is lightly wounded.
The adder bites you.
* * * LOW HITPOINT WARNING * * *
You are lethally poisoned!
The adder poisons you!
It was a potion of mutation.
You feel extremely strange.
You feel your magical essence link to your wands.
A pair of horns grows on your head!
You feel resistant to hostile enchantments.
* * * LOW HITPOINT WARNING * * *
You feel sick. The adder closely misses you. The adder completely misses you.
It was a potion of flight.
You feel very buoyant.
You fly up into the air.
The adder misses you.
It was a potion of lignification.
You turn into a tree.
Your +0 robe melds into your body.
Your roots penetrate the ground.
The adder bites you but does no damage.
You closely miss the adder.
The adder is lightly wounded.
You die...

.......)..........
#.##.........#.... .###
#.###.##..#....<.. . ...
#..##.###.##...... #.##.#
#.....##..###....
#.....####.#.# .........
#....##(<#†# ####.....
######..S.....# #......
........♣..##.#####.#....
#####...........##.#....
####...............#
##.#......[..#..#
#..##.##.....##..
#.###.##.#.#..#.# #.
#.##.#.#....#
#.#....#....#
#.#..#####.##


You could see an adder.

Vanquished Creatures
  An ooze (D:1)
  A worm (D:2)
  A dart slug (D:1)
  7 goblins
  3 hobgoblins
  2 quokkas
  A ball python (D:2)
  3 bats
  3 frilled lizards
  9 kobolds
  A rat (D:1)
32 creatures vanquished.

Notes
Turn   | Place    | Note
-------+----------+-------------------------------------------
     0 | Abyss:1  | empire the Spriggan Abyssal Knight began the quest for the Orb.
     0 | Abyss:1  | Reached XP level 1. HP: 11/11 MP: 3/3
    72 | Abyss:2  | Found a shadowy altar of Dithmenos.
   116 | D:1      | Escaped the Abyss
   508 | D:1      | Reached skill level 1 in Stealth
   522 | D:1      | Reached XP level 2. HP: 10/16 MP: 4/4
   779 | D:1      | Reached skill level 4 in Dodging
  1556 | D:2      | Reached ** piety under Lugonu
  1556 | D:2      | Reached XP level 3. HP: 11/19 MP: 5/5
  1887 | D:2      | Gained mutation: You expend magic power (3 MP) to strengthen your wands. [potion of mutation]
  1887 | D:2      | Gained mutation: You have a pair of small horns on your head. [potion of mutation]
  1887 | D:2      | Gained mutation: You are resistant to hostile enchantments. (MR+) [potion of mutation]
  1890 | D:2      | Succumbed to an adder's poison

Skill      XL: |  1  2  3 |
---------------+----------+-----
Stealth        | 1 2 3 |  3.4
Dodging        | 4 |  4.2
Fighting       | |  2.4
Short Blades   | |  2.5
Invocations    | |  1.9

Action                   || total
-------------------------++-------
Melee: Short sword       ||   118
  Use: Potion            ||     3
 Stab: Sleeping          ||     4
Armor: Robe              ||     8
       Skin              ||     1
Dodge: Dodged            ||    95
